 Dungeon Crawl Stone Soup version 0.22.1-1-ga44c0e5 (webtiles) character file.

169 Tamimi the Conjurer (level 5, 0/31 HPs)
             Began as an Octopode Conjurer on Oct 29, 2018.
             Slain by Ijyb
             ... wielding a +0 club
              (5 damage)
             ... on level 3 of the Dungeon.
             The game lasted 00:09:12 (3559 turns).

Tamimi the Conjurer (Octopode Conjurer)             Turns: 3559, Time: 00:09:13

Health: 0/31       AC:  1    Str:  8    XL:     5   Next: 50%
Magic:  2/9        EV: 13    Int: 18    God:
Gold:   115        SH:  0    Dex: 12    Spells: 2/10 levels left

rFire    . . .     SeeInvis .   g - +0 trident
rCold    . . .     Gourm    .   (no shield)
rNeg     . . .     Faith    .   (helmet restricted)
rPois    .         Spirit   .   (no amulet)
rElec    .         Reflect  .   (no ring)
rCorr    .         Harm     .   (no ring)
MR       .....                  (no ring)
Stlth    +++.......             (no ring)
HPRegen  0.10/turn              (no ring)
MPRegen  0.11/turn              (no ring)
                                (no ring)
                                (no ring)

@: no status effects
A: almost no armour, stealthy swim, amphibious, 8 rings, constrict 8, camouflage
1, gelatinous body 1
a: no special abilities


You were on level 3 of the Dungeon.
You were not hungry.

You visited 1 branch of the dungeon, and saw 3 of its levels.

You collected 115 gold pieces.

Inventory:

Hand Weapons
 g - a +0 trident (weapon)
 l - a +2 quarterstaff of chaos
Jewellery
 n - a +4 ring of dexterity {unknown}
Scrolls
 a - a scroll of identify {unknown}
 e - a scroll of fear {unknown}
 j - a scroll of amnesia {unknown}
 k - a scroll of remove curse {unknown}
 o - 3 scrolls of blinking {unknown}
Potions
 c - a potion of lignification {unknown}
 d - a potion of might {unknown}
 f - a potion of degeneration {unknown}
 h - a potion of heal wounds {unknown}
 i - a potion of mutation {unknown}
 m - a potion of curing {unknown}
Comestibles
 b - 5 rations


   Skills:
 + Level 0.2 Fighting
 - Level 2.0 Dodging
 - Level 2.6 Stealth
 + Level 3.0 Spellcasting
 + Level 5.6 Conjurations
 * Level 1.4 Translocations
 * Level 0.5 Fire Magic


You had 2 spell levels left.
You knew the following spells:

 Your Spells              Type           Power        Failure   Level  Hunger
a - Magic Dart            Conj           ###.         1%          1    None
b - Searing Ray           Conj           ###...       2%          2    ##.....
c - Blink                 Tloc           N/A          14%         2    ##.....
d - Conjure Flame         Conj/Fire      ##......     14%         3    ###....

Your spell library contained the following spells:

 Spells                   Type           Power        Failure   Level  Hunger
 Call Imp                 Summ           #.......     24%         2    ##.....
 Slow                     Hex            #.......     24%         2    ##.....
 Dazzling Spray           Conj/Hex       ##....       16%         3    ###....
 Iskenderun's Mystic Bla  Conj           ###.....     16%         4    ####...
 Mephitic Cloud           Conj/Pois/Air  #.......     22%         3    ###....
 Force Lance              Conj/Tloc      ###.....     36%         4    ####...
 Fulminant Prism          Conj/Hex       ##........   45%         4    ####...


Dungeon Overview and Level Annotations

Branches:
Dungeon (3/15)

Altars:
Sif Muna

Annotations:
D:1 exclusion: downstairs
D:3 Ijyb


Innate Abilities, Weirdness & Mutations

You cannot wear most types of armour.
You are very stealthy in the water. (Stealth+)
You are amphibious.
You can wear up to eight rings at the same time.
You can use your tentacles to constrict eight enemies at once.
Your skin changes colour to match your surroundings (Stealth+).
Your rubbery body absorbs attacks. (AC +1, EV +1)


Message History

Ijyb is heavily wounded.
You constrict Ijyb. Ijyb hits you with a club.
You hit Ijyb but do no damage.
Ijyb is severely wounded.
You constrict Ijyb, but do no damage. Ijyb barely misses you.
You hit Ijyb but do no damage. You squeeze Ijyb, but do no damage.
Ijyb is severely wounded.
You constrict Ijyb. Ijyb hits you with a club.
You hit Ijyb.
Ijyb is severely wounded.
You constrict Ijyb, but do no damage. Ijyb hits you with a club. x2
* * * LOW HITPOINT WARNING * * *
You hit Ijyb but do no damage.
Ijyb is severely wounded.
You constrict Ijyb. Ijyb hits you with a club.
* * * LOW HITPOINT WARNING * * *
You hit Ijyb.
Ijyb is almost dead.
You constrict Ijyb. Ijyb hits you with a club.
You die...

######### ###
........######## ...#
#.#.###........# .....
#.#.###..#####.###......
#....##..##.<...@g...)..
#.#.........##.###..[...
#.#.###........# .....
...............# ...#
#.############## ..#
#..# .# ##.# ######### #
##)#####.......#
#..............#


You could see Ijyb.

Vanquished Creatures
  Crazy Yiuf (D:2)
  A centaur skeleton (D:2)
  An iguana (D:3)
  An adder (D:2)
  An ooze (D:2)
  5 worms (D:2)
  2 dart slugs (D:2)
  2 leopard geckos (D:3)
  2 ball pythons
  2 giant cockroaches (D:2)
  7 goblins
  6 hobgoblins
  4 jackals (D:2)
  5 kobolds
  A quokka (D:3)
  5 bats
  A frilled lizard (D:2)
  8 rats
55 creatures vanquished.

Notes
Turn   | Place    | Note
-------+----------+-------------------------------------------
     0 | D:1      | Tamimi the Octopode Conjurer began the quest for the Orb.
     0 | D:1      | Reached XP level 1. HP: 11/11 MP: 3/3
   618 | D:1      | Reached XP level 2. HP: 17/17 MP: 1/5
   622 | D:1      | Learned a level 2 spell: Searing Ray
  1596 | D:2      | Learned a level 2 spell: Blink
  1606 | D:2      | Reached XP level 3. HP: 21/21 MP: 3/6
  2227 | D:2      | Reached skill level 5 in Conjurations
  2338 | D:2      | Reached XP level 4. HP: 26/27 MP: 0/7
  2710 | D:2      | Reached skill level 1 in Translocations
  2860 | D:2      | Found a deep blue altar of Sif Muna.
  3015 | D:2      | Found a runed door.
  3019 | D:2      | Noticed Crazy Yiuf
  3024 | D:2      | Killed Crazy Yiuf
  3024 | D:2      | Reached XP level 5. HP: 21/31 MP: 2/9
  3128 | D:2      | Learned a level 3 spell: Conjure Flame
  3541 | D:3      | Noticed Ijyb
  3559 | D:3      | Slain by Ijyb

Skill      XL: |  1  2  3  4  5 |
---------------+----------------+-----
Conjurations   | 5 |  5.6
Translocations | 1 |  1.4
Spellcasting   | 3 |  3.0
Fighting       | |  0.2
Dodging        | |  2.0
Stealth        | |  2.6
Fire Magic     | |  0.5

Action                   |  1- 3 |  4- 6 || total
-------------------------+-------+-------++-------
Melee: Unarmed           |     6 |       ||     6
       Constrict         |     6 |     6 ||    12
       Tentacles         |     2 |     3 ||     5
       Trident           |     9 |    26 ||    35
 Cast: Magic Dart        |    60 |    27 ||    87
       Searing Ray       |     6 |     7 ||    13
  Eat: Chunk             |     5 |     4 ||     9
Armor: Skin              |     4 |     3 ||     7
Dodge: Dodged            |    14 |    13 ||    27
